 Dungeon Crawl Stone Soup version 0.21.1-1-g345015f (webtiles) character file.

65 Mirai the Magician (level 3, -3/19 HPs)
             Began as a Deep Elf Conjurer on Apr 4, 2018.
             Slain by an orc
             ... wielding a +0 hand axe
              (9 damage)
             ... on level 1 of the Dungeon.
             The game lasted 00:02:23 (901 turns).

Mirai the Magician (Deep Elf Conjurer)               Turns: 901, Time: 00:02:24

Health: -3/19      AC:  2    Str:  5    XL:     3   Next: 94%
Magic:  3/12       EV: 13    Int: 20    God:
Gold:   50         SH:  0    Dex: 15    Spells: 10/13 levels left

rFire    . . .     SeeInvis .   g - +0 short sword
rCold    . . .     Gourm    .   (no shield)
rNeg     . . .     Faith    .   e - +0 robe {MR+}
rPois    .         Spirit   .   (no helmet)
rElec    .         Reflect  .   (no cloak)
rCorr    .         Harm     .   (no gloves)
MR       +....                  (no boots)
Stlth    ++........             (no amulet)
HPRegen  0.06/turn              (no ring)
MPRegen  0.13/turn              (no ring)

@: very slightly contaminated
A: no striking features
a: no special abilities


You were on level 1 of the Dungeon.
You were not hungry.

You visited 1 branch of the dungeon, and saw 2 of its levels.

You collected 50 gold pieces.

Inventory:

Hand Weapons
 g - a +0 short sword (weapon)
Armour
 a - a +0 robe
 e - a +0 robe of magic resistance (worn)
Scrolls
 d - a scroll of random uselessness {unknown}
 i - a scroll of remove curse {unknown}
Books
 b - a book of Conjurations

   Spells                             Type                      Level
   a - Magic Dart                     Conjuration                  1
   b - Searing Ray                    Conjuration                  2
   c - Dazzling Spray                 Conjuration/Hexes            3
   d - Fulminant Prism                Conjuration/Hexes            4
   e - Force Lance                    Conjuration/Translocation    4
   f - Iskenderun's Mystic Blast      Conjuration                  4
Comestibles
 c - a ration
 f - 3 chunks of flesh


   Skills:
 + Level 0.6 Short Blades
 - Level 2.4 Dodging
 - Level 2.4 Stealth
 + Level 5.7 Spellcasting
 - Level 4.3 Conjurations


You had 10 spell levels left.
You knew the following spells:

 Your Spells              Type           Power        Failure   Level  Hunger
a - Magic Dart            Conj           ###.         1%          1    None
b - Searing Ray           Conj           ###...       2%          2    None


Dungeon Overview and Level Annotations

Branches:
Dungeon (2/15)

Altars:


Message History

Confirm with . or Enter, or press ? or * to list all spells.
Aiming: Searing Ray
Press: ? - help, Shift-Dir - straight line, f - orc
Aim: an orc, wielding a hand axe (heavily wounded)
You miscast Searing Ray.
You are very lightly contaminated with residual magic.
The air around you crackles with energy!
The orc closely misses you. The orc barely misses you.
The orc hits you with a hand axe. The orc barely misses you.
Casting: Searing Ray
Confirm with . or Enter, or press ? or * to list all spells.
Aiming: Searing Ray
Press: ? - help, Shift-Dir - straight line, f/p - orc
Aim: an orc, wielding a hand axe (heavily wounded)
The searing ray hits the orc.
The orc is severely wounded. (Press . to maintain the ray.)
The orc barely misses you. The orc hits you.
The searing ray misses the orc.
The orc hits you with a hand axe!
You die...

#........###....##.#######
#........###..####.#
#).......##......#.#
###########......#.#
#......#.# #######
#......#.########.....#
#......#........#.....#
#....o.#........#.....#
#....)@#........#.....#
####.o##........#.....#
##.##........#.....#
#.>.....)...'......
##).........#......
#################. #. #.
#.


You could see 2 orcs.

Vanquished Creatures
  An orc priest (D:1)
  A dart slug (D:1)
  A leopard gecko (D:1)
  2 orcs (D:1)
  A giant cockroach (D:1)
  4 goblins (D:1)
  3 hobgoblins (D:1)
  2 jackals (D:1)
  5 kobolds (D:1)
  3 bats (D:1)
  A frilled lizard (D:1)
  4 rats
28 creatures vanquished.

Notes
Turn   | Place    | Note
-------+----------+-------------------------------------------
     0 | D:1      | Mirai the Deep Elf Conjurer began the quest for the Orb.
     0 | D:1      | Reached XP level 1. HP: 10/10 MP: 6/6
   131 | D:1      | Reached skill level 4 in Spellcasting
   131 | D:1      | Reached XP level 2. HP: 15/15 MP: 0/9
   135 | D:1      | Learned a level 2 spell: Searing Ray
   522 | D:1      | Reached XP level 3. HP: 16/19 MP: 7/11
   652 | D:1      | Reached skill level 5 in Spellcasting
   901 | D:1      | Slain by an orc

Skill      XL: |  1  2  3 |
---------------+----------+-----
Spellcasting   | 4 5 |  5.7
Short Blades   | |  0.6
Dodging        | |  2.4
Stealth        | |  2.4
Conjurations   | |  4.3

Action                   || total
-------------------------++-------
Melee: Unarmed           ||     1
       Short sword       ||     4
 Cast: Magic Dart        ||    50
       Searing Ray       ||     4
  Use: Potion            ||     1
Armor: Robe              ||     5
Dodge: Dodged            ||    43
